 Dungeon Crawl Stone Soup version 0.30-a0-591-g3c58d2bc28 (webtiles) character file.

Game seed: 9895710610739835497

25 IdlyInterested the Cutter (level 2, -3/24 HPs)
             Began as a Demonspawn Berserker on Jan 4, 2023.
             Was a Follower of Trog.
             Slain by a worm (6 damage)
             ... on level 2 of the Dungeon.
             The game lasted 00:03:41 (1306 turns).

IdlyInterested the Cutter (Demonspawn Berserker)    Turns: 1306, Time: 00:03:41

Health: -3/24      AC:  4    Str: 17    XL:     2   Next: 86%
Magic:  2/2        EV:  7    Int:  8    God:    Trog [*.....]
Gold:   76         SH: 10    Dex: 12    Spells: 1/1 levels left

rFire   . . .      SeeInvis .    a - +0 short sword
rCold   . . .      Faith    .    h - +0 tower shield
rNeg    . . .      Spirit   .    b - +0 animal skin
rPois   .          Reflect  .    c - +2 hat
rElec   .          Harm     .    (no cloak)
rCorr   .          Rampage  .    (no gloves)
Will    .....                    (no boots)
Stlth   ++                       (no amulet)
HPRegen 0.24/turn                (no ring)
MPRegen 0.08/turn                (no ring)

@: no status effects
A: weakness stinger 1
a: Renounce Religion, Berserk


You were on level 2 of the Dungeon.
You worshipped Trog.
Trog was aware of your devotion.
You visited 1 branch of the dungeon, and saw 2 of its levels.

You collected 76 gold pieces.

Inventory:

Hand Weapons
 a - a +0 short sword (weapon)
Armour
 b - a +0 animal skin (worn)
 c - a +2 hat (worn)
 e - a +0 leather armour
 h - a +0 tower shield (worn)
Scrolls
 d - a scroll of immolation
 i - a scroll of identify {unknown}
Potions
 g - a potion of haste {unknown}
 j - a potion of flight {unknown}


   Skills:
 - Level 3.0 Fighting
 + Level 3.2 Short Blades
 * Level 0.2 Throwing
 - Level 2.0 Armour
 - Level 2.0 Dodging
 * Level 1.2 Stealth


You had one spell level left.
You didn't know any spells.
Your spell library was empty.

Dungeon Overview and Level Annotations

Branches:
Dungeon (2/15)

Altars:


Innate Abilities, Weirdness & Mutations

You have a small tail.


Message History

The worm is moderately wounded.
The worm barely misses you.
You hit the worm.
The worm is heavily wounded.
You block the worm's attack.
You hit the worm.
The worm is heavily wounded.
You hit the worm.
The worm is severely wounded.
The worm bites you!
You hit the worm but do no damage.
The worm is severely wounded.
The worm barely misses you.
You hit the worm.
The worm is severely wounded.
You block the worm's attack.
You completely miss the worm.
The worm is heavily wounded.
You hit the worm but do no damage.
The worm is heavily wounded.
The worm bites you but does no damage.
You hit the worm.
Your tail-slap misses the worm.
The worm is severely wounded.
The worm bites you!
You hit the worm.
The worm is severely wounded.
The worm barely misses you.
You barely miss the worm.
The worm is heavily wounded.
You hit the worm but do no damage. You tail-slap the worm.
The worm is severely wounded.
The worm bites you!
* * * LOW HITPOINT WARNING * * *
You hit the worm but do no damage.
The worm is heavily wounded.
The worm barely misses you.
You completely miss the worm. You tail-slap the worm.
The worm is almost dead.
The worm bites you.
You die...

#.###..###.#
#..........# #
###..........#
#.#
#............#
#..
#............#
#.#
#>...........#
#..
#............#
#.#
#............#
#
###......@w..#
#.........##
#.[##...### .
#.. ##.## #
#.. #.# # #..
#.. # ... ###
### ... ##


You could see a worm.

Vanquished Creatures
  A worm (D:2)
  4 ball pythons
  An endoplasm (D:2)
  A giant cockroach (D:1)
  3 goblins
  2 hobgoblins (D:1)
  A kobold (D:1)
  A quokka (D:2)
  5 bats
  A rat (D:2)
20 creatures vanquished.

Notes
Turn   | Place    | Note
-------+----------+-------------------------------------------
     0 | D:1      | IdlyInterested the Demonspawn Berserker began the quest for
                  | the Orb.
     0 | D:1      | Reached XP level 1. HP: 18/18 MP: 1/1
   265 | D:1      | Found a faded altar of an unknown god.
   292 | D:1      | Gained mutation: You have a small tail. [demonic ancestry]
   292 | D:1      | Reached XP level 2. HP: 24/24 MP: 2/2
   895 | D:2      | Reached skill level 1 in Stealth
  1306 | D:2      | Slain by a worm

Illustrated notes

Levels and vault maps discovered:
D:1:      shiori_arrival_elements, layout_basic,
          hellmonk_ecumenical_altar_blasted
D:2:      layout_loops_ring, nrook_uturn, nrook_loot_triangle

Skill      XL: |  1  2 |
---------------+-------+-----
Armour         | 2 |  2.0
Short Blades   | 3 |  3.2
Stealth        | 1 |  1.2
Dodging        | 2 |  2.0
Fighting       | |  3.0
Throwing       | |  0.2

Action                   || total
-------------------------++-------
Melee: Short sword       ||    94
       Punch             ||     1
       Tailslap          ||     7
Throw: Stone             ||     3
 Stab: Sleeping          ||     2
Armor: Animal skin       ||    13
       Leather armour    ||     6
Dodge: Dodged            ||    40
Block: Tower shield      ||    27

Table legend: (Time is in decaauts)
 A = Elapsed time spent in this place.
 B = Non-inter-level travel time spent in this place.
 C = Inter-level travel time spent in this place.
 D = Time resting spent in this place.
 E = Time spent auto-exploring this place.
 F = Levels seen in this place.
 G = Mean time per level.
                   A        B        C        D        E       F      G
               +--------+--------+--------+--------+--------+-----+--------+
         Total |   1319 |   1186 |    133 |    215 |    654 |   2 |  659.5 |
       Dungeon |   1319 |   1186 |    133 |    215 |    654 |   2 |  659.5 |
               +--------+--------+--------+--------+--------+-----+--------+

Top non-repeatable levels by time:
     D:1: 863 daAuts
     D:2: 456 daAuts
